 Dungeon Crawl Stone Soup version 0.26.0-10-g1f06aea511 (webtiles) character file.

Game seed: 1682781585827226209

1598888 MisterOstroum the Unseen (level 25, 202/202 HPs)
             Began as a Gnoll Delver on Jan 14, 2021.
             Was the Champion of Cheibriados.
             Escaped with the Orb
             ... and 3 runes!
             The game lasted 05:16:04 (70311 turns).

MisterOstroum the Unseen (Gnoll Delver)            Turns: 70311, Time: 05:16:05

Health: 202/202    AC: 30    Str: 31    XL:     25   Next: 91%
Magic:  49/49      EV: 36    Int: 41    God:    Cheibriados [******]
Gold:   1711       SH: 20    Dex: 32    Spells: 3/57 levels left

rFire    + + .     SeeInvis .   a - +9 broad axe (vorpal)
rCold    + . .     Faith    +   I - +3 kite shield of Beyond {rF++ Dex-2}
rNeg     . . .     Spirit   .   T - quicksilver dragon scales
rPois    +         Reflect  .   A - +3 hat of Pondering {ponderous, Will+ MP+10 Int+5}
rElec    .         Harm     .   O - +2 cloak {Will+}
rCorr    .         Rampage  .   p - +2 pair of gloves
Will     ++++.                  u - +2 pair of boots
Stlth    +++.......             v - amulet of faith
HPRegen  0.43/turn              C - ring of protection from cold
MPRegen  0.31/turn              z - +4 ring of evasion

@: very slow
A: distributed training, fangs 1, talons 1, thin skeletal structure 1, clumsy 1,
low mp 1, poison resistance, strong nose
0: Orb of Zot
}: 3/15 runes: serpentine, barnacled, abyssal
a: Renounce Religion, Bend Time, Temporal Distortion, Slouch, Step From Time


You escaped.
You worshipped Cheibriados.
Cheibriados was exalted by your worship.
You visited 9 branches of the dungeon, and saw 46 of its levels.
You visited the Abyss 1 time.
You also visited: Ossuary.

You collected 4794 gold pieces.
You spent 3083 gold pieces at shops.

Inventory:

Hand Weapons
 a - a +9 vorpal broad axe (weapon)
 b - a +1 demon blade of freezing
 c - a +5 vorpal rapier
 d - a +2 demon trident of freezing
 e - the +8 whip "Snakebite" {curare, rPois}
   (You found it on level 6 of the Lair of Beasts)

   It poisons the flesh of those it strikes.
   It protects you from poison.
Missiles
 o - 12 throwing nets {!f}
 s - 34 silver javelins (quivered)
 V - 21 javelins
Armour
 p - a +2 pair of gloves (worn)
 u - a +2 pair of boots (worn)
 A - the +3 hat of Pondering (worn) {ponderous, Will+ MP+10 Int+5}
   (You bought it in a shop on level 14 of the Dungeon)

   It affects your intelligence (+5).
   It affects your willpower, your defense against some magical effects.
   It affects your magic capacity (+10).
 I - the +3 kite shield of Beyond (worn) {rF++ Dex-2}
   (You took it off a naga mage on level 3 of the Snake Pit)

   It affects your dexterity (-2).
   It greatly protects you from fire.
 O - a +2 cloak of willpower (worn)
 T - quicksilver dragon scales (worn)
Jewellery
 v - an amulet of faith (around neck)
 x - an uncursed ring of fire
 z - a +4 ring of evasion (right hand)
 C - a ring of protection from cold (left hand)
 U - an uncursed ring of see invisible
 X - an uncursed ring of positive energy
Wands
 g - a wand of digging (29)
 k - a wand of disintegration (6)
 G - a wand of paralysis (11) {@v1}
 J - a wand of polymorph (21) {@v5}
 L - a wand of iceblast (31) {@v3}
 W - a wand of flame (1)
Scrolls
 h - 21 scrolls of teleportation {@r3 !r}
 j - 10 scrolls of immolation
 m - a scroll of torment
 r - a scroll of silence
 w - 9 scrolls of identify {@r1}
 y - 5 scrolls of blinking {@r4}
 F - 22 scrolls of remove curse {@r2}
 P - 2 scrolls of magic mapping {@r5 !r}
 R - 7 scrolls of fear {!r}
 S - 5 scrolls of fog {!r}
Potions
 l - 10 potions of curing {@q1 !q}
 n - 2 potions of resistance
 q - 7 potions of brilliance
 t - 7 potions of attraction
 B - 4 potions of cancellation
 D - 11 potions of lignification {@q6}
 E - 5 potions of flight
 H - 7 potions of might {@q3 !q}
 K - 3 potions of magic
 N - 2 potions of heal wounds {@q2 !q}
Miscellaneous
 f - a box of beasts
 i - a lightning rod (4/4)
 Q - a phantom mirror
 Z - a condenser vane


   Skills:
 + Level 17.5 Fighting
 + Level 17.0 Short Blades
 + Level 16.5 Long Blades
 + Level 16.5 Axes
 + Level 16.5 Maces & Flails
 + Level 16.5 Polearms
 + Level 16.5 Staves
 + Level 16.5 Slings
 + Level 16.5 Bows
 + Level 16.5 Crossbows
 + Level 16.5 Throwing
 + Level 16.5 Armour
 + Level 17.0 Dodging
 + Level 18.4 Stealth
 + Level 16.5 Shields
 + Level 16.5 Unarmed Combat
 + Level 16.5 Spellcasting
 + Level 14.2 Conjurations
 + Level 14.2 Hexes
 + Level 14.2 Summonings
 + Level 14.2 Necromancy
 + Level 14.2 Translocations
 + Level 14.2 Transmutations
 + Level 14.2 Fire Magic
 + Level 14.2 Ice Magic
 + Level 14.2 Air Magic
 + Level 14.2 Earth Magic
 + Level 14.2 Poison Magic
 + Level 17.8 Invocations
 + Level 16.5 Evocations


You had 3 spell levels left.
You knew the following spells:

 Your Spells              Type           Power        Failure   Level
a - Orb of Destruction    Conj           50%          2%          7
b - Vampiric Draining     Necr           50%          0%          3
c - Fulminant Prism       Conj/Hex       50%          1%          4
d - Irradiate             Conj/Tmut      50%          1%          5
e - Lee's Rapid Deconstr  Erth           50%          1%          5
f - Summon Ice Beast      Ice/Summ       100%         1%          4
g - Apportation           Tloc           100%         0%          1
h - Passage of Golubria   Tloc           N/A          1%          4
i - Invisibility          Hex            100%         1%          6
j - Iskenderun's Mystic   Conj/Tloc      100%         1%          4
k - Call Canine Familiar  Summ           100%         0%          3
o - Silence               Hex/Air        50%          1%          5
x - Animate Skeleton      Necr           100%         0%          1
B - Blink                 Tloc           N/A          0%          2

Your spell library contained the following spells:

 Spells                   Type           Power        Failure   Level
 Corona                   Hex            100%         0%          1
 Magic Dart               Conj           100%         0%          1
 Pain                     Necr           100%         0%          1
 Shock                    Conj/Air       100%         0%          1
 Summon Small Mammal      Summ           100%         0%          1
 Call Imp                 Summ           100%         0%          2
 Passwall                 Tmut/Erth      83%          0%          2
 Searing Ray              Conj           100%         0%          2
 Slow                     Hex            100%         0%          2
 Swiftness                Air            100%         0%          2
 Confusing Touch          Hex            100%         0%          3
 Conjure Flame            Conj/Fire      100%         0%          3
 Dazzling Flash           Conj/Hex       100%         0%          3
 Gell's Gravitas          Tloc           50%          0%          3
 Mephitic Cloud           Conj/Pois/Air  100%         0%          3
 Static Discharge         Conj/Air       100%         0%          3
 Summon Guardian Golem    Hex/Summ       100%         0%          3
 Airstrike                Air            50%          1%          4
 Animate Dead             Necr           50%          1%          4
 Cause Fear               Hex            50%          1%          4
 Ice Form                 Ice/Tmut       100%         1%          4
 Petrify                  Tmut/Erth      100%         1%          4
 Summon Lightning Spire   Summ/Air       100%         1%          4
 Agony                    Necr           100%         1%          5
 Bolt of Magma            Conj/Fire/Erth 50%          1%          5
 Excruciating Wounds      Necr           50%          1%          5
 Iskenderun's Battlesphe  Conj           100%         1%          5
 Lightning Bolt           Conj/Air       50%          1%          5
 Metabolic Englaciation   Hex/Ice        50%          1%          5
 Yara's Violent Unravell  Hex/Tmut       50%          1%          5
 Iron Shot                Conj/Erth      50%          1%          6
 Simulacrum               Ice/Necr       50%          1%          6
 Spellforged Servitor     Conj/Summ      50%          2%          7
 Discord                  Hex            50%          19%         8


Dungeon Overview and Level Annotations

Branches:
Dungeon (15/15)            Temple (1/1) D:6            Lair (6/6) D:10
 Shoals (4/4) Lair:4        Snake (4/4) Lair:4        Slime (0/5) Lair:6
    Orc (2/2) D:11            Elf (0/3) Orc:2        Vaults (4/5) D:13
  Crypt (0/3) Vaults:3     Depths (5/5) D:15            Zot (5/5) Depths:5
Ossuary (visited)

Altars:
Cheibriados
Dithmenos
Kikubaaqudgha
Nemelex Xobeh
Qazlal
Ru
Trog
Wu Jian
Beogh
Jiyva
Lugonu

Shops:
D:4 *?!:   D:14 [*[[?*   D:15 (   Orc:2 ([[(}   Vaults:2 *   Depths:4 }=}

Portals:
Hell: Depths:1 Depths:2 Depths:3 Depths:4 Depths:5
Abyss: Depths:2 Depths:4
Pandemonium: Depths:3
Ziggurat: Depths:1
Trove: D:10 (give +2 gold dragon scales)

Annotations:
D:12 3 runed translucent doors
Lair:6 exclusion: 3 doors
Shoals:3 exclusions: 4 harpies and merfolk impaler, Bai Suzhen
Depths:1 1 runed translucent door
Depths:2 1 transporter, 1 exclusion


Innate Abilities, Weirdness & Mutations

Your experience applies equally to all skills.
You have very sharp teeth.
Your uncanny sense of smell can sniff out nearby items.
You have sharp toenails.
You have a somewhat thin skeletal structure. (Dex +2, Stealth)
You are clumsy. (Dex -2)
Your magical capacity is low. (-10% MP)
Your system is resistant to poisons. (rPois)


Message History

(P) Snake Pit (M) Slime Pits (O) Orcish Mines (E) Elven Halls (V) Vaults (C) Crypt (U) Depths (H) Hell (Z) Zot
Where to? (Enter - D:1 @ (x,y), ? - help)
There is an open door here.
There is a stone staircase leading up here.
You climb upwards.
There is a stone staircase leading down here.
HP restored.
There is a stone staircase leading up, spattered with blood here.
You see here a +0 giant spiked club.
You climb upwards.
There is a stone staircase leading down here.
There is an open door here.
There is a stone staircase leading down, spattered with blood here.
There is an open door here.
There is a stone staircase leading up here.
You climb upwards.
There is a stone staircase leading down, spattered with blood here.
An angel comes into view.
It is wielding a +2 sacred scourge of holy wrath.
The angel moves out of view.
You block the angel's attack. x2; The angel completely misses you.
The angel misses you.
There is an escape hatch in the ceiling here.
Casting: Irradiate (safe; 1% risk of failure)
Confirm with . or Enter, or press ? or * to list all spells.
You erupt in a fountain of uncontrolled magic!
The angel is blasted with magical radiation!!
The angel is moderately wounded.
The angel twists and deforms.
You are very lightly contaminated with residual magic.
You block the angel's attack. x2
Casting: Irradiate (safe; 1% risk of failure)
Confirm with . or Enter, or press ? or * to list all spells.
You erupt in a fountain of uncontrolled magic!
The angel is blasted with magical radiation!!
The angel is severely wounded.
The angel twists and deforms.
You block the angel's attack. The angel completely misses you.
The angel hits you but does no damage. x2
Casting: Irradiate (safe; 1% risk of failure)
Confirm with . or Enter, or press ? or * to list all spells.
You erupt in a fountain of uncontrolled magic!
The angel is blasted with magical radiation!!
The angel is almost dead.
The angel twists and deforms.
You block the angel's attack. The angel barely misses you.
You can't go down here!
Unknown command.
You closely miss the angel.
The angel is almost dead.
The angel completely misses you. You block the angel's attack.
The angel gestures.
The angel is healed somewhat.
You closely miss the angel. You bite the angel.
The angel is almost dead.
You block the angel's attack. The angel hits you but does no damage.
You slice the angel!!
You kill the angel!
Cheibriados thoroughly appreciates the change of pace.
No target in view!
You can't go down here!
Unknown command.
Really go through this one-way escape hatch? [Y]es or [N]o only, please.
Really go through this one-way escape hatch?
A mysterious force pulls you upwards. The hatch slams shut behind you.
(D) Dungeon (T) Temple (L) Lair (A) Shoals (P) Snake Pit (M) Slime Pits (O) Orcish Mines (E) Elven Halls (V) Vaults (C) Crypt (U) Depths (H) Hell (Z) Zot
Where to? (Enter - D:1 @ (x,y), ? - help)
Okay, then.
(D) Dungeon (T) Temple (L) Lair (A) Shoals (P) Snake Pit (M) Slime Pits (O) Orcish Mines (E) Elven Halls (V) Vaults (C) Crypt (U) Depths (H) Hell (Z) Zot
Where to? (Enter - D:1 @ (x,y), ? - help)
There is a stone staircase leading up here.
You climb upwards.
There is a stone staircase leading down here.
You see here a +0 club.
An ice devil comes into view.
Casting: Irradiate (safe; 1% risk of failure)
Confirm with . or Enter, or press ? or * to list all spells.
Aiming: Orb of Destruction (mildly dangerous; 2% risk of failure)
Press: ? - help, Shift-Dir - straight line, f - ice devil
Aim: an ice devil The orb of destruction hits the ice devil!!!
You blow up the ice devil!
Cheibriados thoroughly appreciates the change of pace.
(D) Dungeon (T) Temple (L) Lair (A) Shoals (P) Snake Pit (M) Slime Pits (O) Orcish Mines (E) Elven Halls (V) Vaults (C) Crypt (U) Depths (H) Hell (Z) Zot
Where to? (Enter - D:1 @ (x,y), ? - help) Magic restored.
There is an open door here.
Your magical contamination has completely faded away.
There is a staircase leading out of the dungeon here.
You have escaped!

....)########..#####.............
......### #..## ###......##...
...†....########### ##'###.###.#.
..).###.#...###...###...##..##.#.
......###.8.....8.....8.##...#.#.
......>##...###...###...#..#.....
........##.## ##### #########....
........#...###...###...# ##....
........#.8.....@.....8.# #.....
........#...###...###...# #.....
........##### ##### ##.## #.####
.......##...###...###...####.#
........#.8.....8...[.8.#....#
........#...###...###...###.##
........##'## ##### ##### ###
......)....# ........####


There were no monsters in sight!

Vanquished Creatures
  5 orbs of fire
  A juggernaut (Depths:3)
  4 ancient liches
  Sojobo (Vaults:4)
  4 Killer Klowns (Zot:5)
  A caustic shrike (Depths:3)
  5 golden dragons
  2 bone dragons (Depths:5)
  A Tzitzimitl (Zot:3)
  2 electric golems (Zot:5)
  3 tentacled monstrosities
  2 Brimstone Fiends (D:10)
  A lich (Vaults:3)
  25 Orb Guardians
  A quicksilver dragon (Zot:5)
  A deep elf blademaster (Abyss:3)
  3 tentacled starspawn
  A kraken (Shoals:4)
  A sphinx (Vaults:4)
  Frances (D:12)
  4 death cobs
  4 tengu reavers
  2 thorn hunters (Abyss:3)
  6 shadow dragons
  A draconian monk (Zot:5)
  Donald (Vaults:2)
  6 storm dragons
  3 nagarajas
  5 frost giants
  An orc warlord (Vaults:1)
  4 fire giants
  3 draconian knights
  3 draconian scorchers
  5 vault wardens
  5 deep elf sorcerers
  2 draconian shifters (Zot:5)
  A reaper (Zot:5)
  3 draconian stormcallers (Zot:5)
  A caustic shrike zombie (Depths:4)
  4 draconian annihilators
  An angel (D:3)
  10 stone giants
  2 spriggan defenders
  7 very ugly things
  12 ironheart preservers
  5 black draconians
  A dire elephant (Lair:3)
  10 vampire knights
  7 green draconians
  3 deep elf demonologists (Vaults:3)
  Azrael (Snake:2)
  5 spark wasps
  2 deep elf annihilators (Vaults:1)
  5 purple draconians
  7 red draconians
  A lorocyproca (Abyss:2)
  4 merfolk javelineers
  3 entropy weavers
  A white draconian (Zot:5)
  5 yellow draconians
  A crystal guardian (Vaults:2)
  12 ettins
  7 yaktaur captains
  7 fire dragons
  2 deep elf death magi
  16 ogre magi
  11 ice dragons
  Harold (Orc:1)
  11 great orbs of eyes
  4 merfolk impalers (Shoals:4)
  A hell beast (Depths:1)
  2 hydras (Lair:6)
  A shambling mangrove (Abyss:3)
  4 rakshasas
  2 vault guards
  10 boulder beetles
  A spriggan air mage (Depths:4)
  8 centaur warriors
  12 naga warriors
  A merfolk avatar (Shoals:4)
  11 anacondas
  6 alligator snapping turtles
  6 merfolk aquamancers
  A death knight (Vaults:1)
  A satyr (Shoals:4)
  5 deep troll shamans
  49 two-headed ogres
  A queen ant (Lair:6)
  5 spriggan berserkers
  6 deep troll earth magi
  3 tengu warriors
  2 hell hogs (Abyss:3)
  5 death yaks
  A vampire mage (Depths:4)
  4 naga sharpshooters
  6 thrashing horrors (Abyss:2)
  6 shock serpents
  A storm dragon zombie (Depths:4)
  A wretched star (Abyss:2)
  3 soul eaters
  7 deep elf knights
  A titan skeleton (Depths:3)
  An iron troll (Depths:1)
  A sixfirhy (Zot:5)
  3 large abominations
  A spatial maelstrom (Abyss:2)
  2 unseen horrors
  4 glowing orange brains
  4 salamander mystics
  3 skeletal warriors (Depths:4)
  2 death drakes (shapeshifter)
  A spark wasp zombie (Depths:3)
  12 deep trolls
  11 sea snakes
  2 flayed ghosts (Depths:4)
  A gelid demonspawn (Zot:5)
  7 deep elf archers
  3 wizards
  12 ironbrand convokers
  A torturous demonspawn (Zot:5)
  8 naga ritualists
  3 necromancers
  2 phantasmal warriors (Depths:2)
  9 orc knights
  The ghost of rnawigator the Insei, a novice MfMo (D:5)
  8 deep elf magi
  4 wolf spiders
  30 harpies
  8 mana vipers
  An orc sorcerer (Orc:1)
  8 fauns
  15 manticores
  A salamander (shapeshifter) (Vaults:2)
  A manticore (shapeshifter) (Vaults:1)
  5 cyclopes
  The ghost of dohliylev the Tainter, a novice SpVM of Sif Muna (D:8)
  47 ugly things
  8 moths of wrath
  11 salamanders
  An oklob plant (Lair:5)
  A fire giant zombie (Depths:3)
  A frost giant skeleton (Vaults:1)
  10 vault sentinels
  10 elephants
  A guardian serpent (Snake:4)
  19 black mambas
  4 worldbinders (Abyss:3)
  4 merfolk sirens
  A molten gargoyle (D:12)
  A black mamba (shapeshifter) (Vaults:3)
  A torpor snail (Lair:2)
  27 naga magi
  An apocalypse crab (Abyss:2)
  9 water nymphs
  2 gargoyles
  An orange demon (Abyss:2)
  A rust devil (Depths:3)
  2 elf skeletons
  2 smoke demons
  10 cane toads
  5 rime drakes
  5 spectral swamp worms (Depths:5)
  5 komodo dragons
  A tormentor (Depths:3)
  2 hellwings
  An ancient zyme (Abyss:1)
  2 ice devils
  3 freezing wraiths
  A queen bee (D:14)
  4 tengu conjurers
  36 yaktaurs
  A meliai (shapeshifter) (Depths:3)
  A jumping spider (shapeshifter) (Vaults:3)
  A merfolk (shapeshifter) (Vaults:2)
  10 trolls
  6 polar bears
  3 meliai (D:15)
  A red devil (Depths:1)
  27 merfolk
  A tyrant leech (D:11)
  A shadow dragon simulacrum (Depths:3)
  6 wind drakes
  A jumping spider (Vaults:3)
  Grinder (D:4)
  4 hornets
  7 blink frogs
  4 raiju
  10 snapping turtles
  7 dream sheep
  23 slime creatures
  A stone giant simulacrum (Vaults:2)
  3 flying skulls (Depths:1)
  22 water elementals
  2 redbacks (Vaults:3)
  A spriggan (Depths:5)
  4 shadows
  4 vampires
  Grum (D:9)
  A tarantella (Vaults:3)
  28 yaks
  3 wyverns
  2 ynoxinuls (Depths:3)
  5 fire elementals (Snake:2)
  2 golden eyes (shapeshifter)
  A human (D:11)
  3 neqoxecs
  2 spatial vortices (Abyss:2)
  A chaos spawn (Abyss:3)
  A swamp worm (D:11)
  3 soldier ants (Lair:6)
  A soldier ant (shapeshifter) (Vaults:4)
  42 nagas
  4 acid dragons
  6 small abominations
  2 wargs (Orc:2)
  18 water moccasins
  3 hell hounds (Snake:2)
  27 orc warriors
  3 ice beasts
  A black bear (D:13)
  2 eyes of draining (shapeshifter)
  2 eyes of draining
  4 phantoms
  An ettin simulacrum (Depths:1)
  4 boggarts (Depths:3)
  13 wolves
  48 ogres
  16 centaurs
  An elf simulacrum (Vaults:1)
  4 big kobolds
  A nameless horror (D:11)
  2 human zombies (Vaults:1)
  14 bullfrogs
  A wyvern zombie (D:14)
  A wyvern skeleton (D:6)
  2 water moccasin zombies (Ossuary)
  7 scorpions
  4 killer bees (D:11)
  19 wights
  3 electric eels (D:10)
  2 crimson imps
  5 lava snakes (D:12)
  6 howler monkeys
  A bullfrog zombie (D:7)
  2 centaur zombies
  3 quasits
  6 jellies
  5 hounds
  14 orc priests
  An iron imp (Abyss:3)
  13 orc wizards
  3 centaur skeletons
  Ijyb (D:5)
  Terence (D:3)
  3 bullfrog skeletons
  26 worker ants
  2 big kobold zombies (Ossuary)
  3 hound skeletons
  2 mummies (Ossuary)
  6 gnolls
  A howler monkey skeleton (D:7)
  8 adders
  3 river rats (D:4)
  5 shadow imps
  2 white imps
  3 ufetubi
  An ooze (D:2)
  7 adder zombies
  2 worms
  A dart slug (D:1)
  11 leopard geckos
  54 orcs
  7 giant cockroaches
  9 goblins
  5 hobgoblins
  9 jackals
  27 kobolds
  3 quokkas
  3 ball pythons
  A ball python skeleton (D:5)
  5 bats
  3 frilled lizards
  2 gnoll zombies (Ossuary)
  8 hobgoblin zombies (Ossuary)
  A jackal skeleton (D:4)
  A kobold zombie (Ossuary)
  A leopard gecko zombie (D:5)
  3 orc zombies (Ossuary)
  28 rats
  2 starspawn tentacles
  A tentacle (Shoals:4)
1665 creatures vanquished.

Vanquished Creatures (collateral kills)
  Mara (Vaults:4)
  Nikola (Shoals:1)
  A tentacled monstrosity (Zot:3)
  Jorgrun (Shoals:2)
  An Orb Guardian (Zot:5)
  Kirke (Lair:4)
  An iron dragon (Depths:5)
  Aizul (Snake:3)
  4 nagarajas (Snake:4)
  2 vault wardens
  An ironheart preserver (Vaults:1)
  A stone giant (Depths:2)
  A green draconian (Depths:5)
  The ghost of Vufrucs the Grappler, a journeyman DrTm of Wu Jian (Lair:4)
  A dire elephant (Lair:4)
  A purple draconian (Zot:5)
  A spark wasp (shapeshifter) (Depths:5)
  2 merfolk impalers (Shoals:4)
  A fire dragon (Depths:4)
  A deep elf death mage (Vaults:1)
  4 hydras
  5 naga warriors (Snake:4)
  2 anacondas (Snake:2)
  6 two-headed ogres
  2 merfolk avatars
  2 merfolk aquamancers
  3 death yaks (Lair:6)
  3 naga sharpshooters
  2 naga ritualists (Snake:4)
  A deep troll (Depths:3)
  A sea snake (Shoals:1)
  A golden dragon zombie (Depths:4)
  A harpy (Shoals:3)
  A necromancer (Vaults:1)
  An oklob plant (Lair:5)
  3 fauns
  A mana viper (Snake:2)
  3 ugly things
  A cyclops (Shoals:2)
  9 elephants (Lair:3)
  2 salamanders
  3 black mambas
  A merfolk siren (Shoals:4)
  A vault sentinel (Vaults:1)
  5 cane toads
  A centaur zombie (D:15)
  5 naga magi
  A molten gargoyle (D:12)
  3 yaktaurs
  2 komodo dragons (Lair:2)
  A yaktaur skeleton (Vaults:1)
  8 merfolk
  5 slime creatures
  A blink frog (Lair:5)
  A snapping turtle (Shoals:1)
  A boulder beetle zombie (Vaults:1)
  A flying skull (Depths:1)
  7 water elementals
  5 yaks
  4 spriggans
  2 hogs (Lair:4)
  4 basilisks
  A human (Lair:4)
  2 swamp worms
  9 nagas
  An acid dragon (D:13)
  A soldier ant (Lair:6)
  A water moccasin (Lair:2)
  A phantom (D:13)
  3 ogres (Vaults:2)
  A wolf (Lair:5)
  A centaur (Vaults:3)
  A bullfrog (Lair:2)
  A wyvern skeleton (D:14)
  Crazy Yiuf (D:3)
  5 worker ants (Lair:6)
  A nameless horror (D:11)
  A gnoll (D:10)
  2 river rats (D:4)
  2 orcs (D:15)
  2 kobolds (D:12)
178 creatures vanquished.

Vanquished Creatures (others)
  A fire dragon (Depths:2)
  An ogre mage (Vaults:2)
  A large abomination (Abyss:3)
  A faun (Shoals:1)
  A naga mage (Snake:4)
  A tengu conjurer (Depths:3)
  A merfolk (Shoals:4)
  A flying skull (Depths:1)
  A golden eye (shapeshifter) (Vaults:3)
  A human (D:8)
  An ogre (Depths:3)
  2 bushes
  142 fulminant prisms
  104 fungi
  208 plants
  3 starspawn tentacles
  6 tentacles (Shoals:4)
476 creatures vanquished.

Grand Total: 2319 creatures vanquished

Notes
Turn   | Place    | Note
-------+----------+-------------------------------------------
     0 | D:5      | Reached skill level 9 in Stealth
     0 | D:5      | MisterOstroum the Gnoll Delver began the quest for the Orb.
     0 | D:5      | Reached XP level 1. HP: 23/23 MP: 1/1
     2 | D:5      | Noticed a worker ant
     9 | D:5      | Noticed an ice beast
    25 | D:5      | Noticed a howler monkey
    28 | D:5      | Killed a howler monkey
    29 | D:5      | Reached XP level 2. HP: 29/29 MP: 1/3
    29 | D:5      | Reached XP level 3. HP: 35/35 MP: 1/4
    29 | D:5      | Noticed an ogre
    78 | D:5      | Reached skill level 1 in Long Blades
    78 | D:5      | Reached skill level 1 in Axes
    78 | D:5      | Reached skill level 1 in Maces & Flails
    78 | D:5      | Reached skill level 1 in Polearms
    78 | D:5      | Reached skill level 1 in Staves
    78 | D:5      | Reached skill level 1 in Slings
    78 | D:5      | Reached skill level 1 in Bows
    78 | D:5      | Reached skill level 1 in Crossbows
    78 | D:5      | Reached skill level 1 in Throwing
    78 | D:5      | Reached skill level 1 in Armour
    78 | D:5      | Reached skill level 1 in Shields
    78 | D:5      | Reached skill level 1 in Unarmed Combat
    78 | D:5      | Reached skill level 1 in Spellcasting
    78 | D:5      | Reached skill level 1 in Invocations
    78 | D:5      | Reached skill level 1 in Evocations
    78 | D:5      | Reached XP level 4. HP: 41/41 MP: 5/5
   189 | D:4      | Reached skill level 1 in Conjurations
   189 | D:4      | Reached skill level 1 in Hexes
   189 | D:4      | Reached skill level 1 in Summonings
   189 | D:4      | Reached skill level 1 in Necromancy
   189 | D:4      | Reached skill level 1 in Translocations
   189 | D:4      | Reached skill level 1 in Transmutations
   189 | D:4      | Reached skill level 1 in Fire Magic
   189 | D:4      | Reached skill level 1 in Ice Magic
   189 | D:4      | Reached skill level 1 in Air Magic
   189 | D:4      | Reached skill level 1 in Earth Magic
   189 | D:4      | Reached skill level 1 in Poison Magic
   634 | D:1      | Reached XP level 5. HP: 42/47 MP: 6/6
  1702 | D:3      | Found a faded altar of an unknown god.
  1710 | D:3      | Became a worshipper of Cheibriados the Contemplative
  1710 | D:3      | Reached * piety under Cheibriados
  1789 | D:3      | Found a runed translucent door.
  2591 | D:3      | Reached XP level 6. HP: 53/53 MP: 8/8
  2686 | D:3      | Noticed Terence
  2751 | D:4      | Reached skill level 5 in Short Blades
  2751 | D:4      | Reached skill level 5 in Dodging
  2994 | D:4      | Found Nisk's Book Shoppe.
  3264 | D:4      | Noticed a phantom
  3279 | D:4      | Killed a phantom
  3280 | D:4      | Reached XP level 7. HP: 42/59 MP: 10/10
  3332 | D:4      | Found Teudec's Distillery.
  3337 | D:4      | Bought a potion of lignification for 42 gold pieces
  3337 | D:4      | Bought a potion of might for 56 gold pieces
  3337 | D:4      | Bought a potion of degeneration for 14 gold pieces
  3481 | D:4      | Found Donefei's Magic Scroll Shop.
  3504 | D:4      | Reached ** piety under Cheibriados
  3541 | D:4      | Found Ocucuh's Assorted Antiques.
  3665 | D:4      | Learned a level 1 spell: Animate Skeleton
  3667 | D:4      | Learned a level 1 spell: Pain
  3671 | D:4      | Learned a level 3 spell: Vampiric Draining
  3825 | D:4      | Noticed Grinder
  3957 | D:5      | Found a sacrificial altar of Ru.
  4557 | D:5      | Found a runed translucent door.
  4557 | D:5      | Noticed Ijyb
  4629 | D:5      | Killed Ijyb
  4731 | D:5      | Noticed rnawigator's ghost (novice MfMo)
  5014 | D:5      | Reached skill level 10 in Stealth
  5025 | D:5      | Reached XP level 8. HP: 64/67 MP: 12/12
  5061 | D:5      | Learned a level 3 spell: Call Canine Familiar
  5064 | D:5      | Learned a level 2 spell: Call Imp
  5399 | D:6      | Found a staircase to the Ecumenical Temple.
  5409 | Temple   | Entered the Ecumenical Temple
  5637 | D:6      | Reached *** piety under Cheibriados
  5896 | D:6      | Found an ornate altar of the Wu Jian Council.
  6832 | D:7      | Reached XP level 9. HP: 72/72 MP: 14/14
  7376 | D:4      | Bought a scroll labelled DEZIYMMYING for 22 gold pieces
  7376 | D:4      | Bought a scroll labelled IPHUSK ATUIMN for 22 gold pieces
  7376 | D:4      | Bought a wand of iceblast (9) for 88 gold pieces
  7561 | D:8      | Found an ancient bone altar of Kikubaaqudgha.
  7572 | D:8      | Reached **** piety under Cheibriados
  7609 | D:8      | Found a sand-covered staircase.
  7616 | Ossuary  | Entered an ossuary
  7927 | D:8      | Reached ***** piety under Cheibriados
  8307 | D:8      | Found a runed translucent door.
  8308 | D:8      | Noticed dohliylev's ghost (novice SpVM)
  8308 | D:8      | Noticed a polar bear
  8519 | D:9      | Noticed a troll
  8812 | D:9      | Noticed Grum
  8851 | D:9      | Killed Grum
  8852 | D:9      | Reached skill level 5 in Invocations
  8867 | D:9      | HP: 3/74 [poisoned by Grum]
  8873 | D:9      | HP: 3/74 [poisoned by Grum]
  8879 | D:9      | HP: 3/74 [poisoned by Grum]
  9691 | D:10     | Entered Level 10 of the Dungeon
  9713 | D:10     | Noticed a two-headed ogre
  9744 | D:10     | Found a staircase to the Lair.
  9745 | D:10     | Noticed a troll
  9747 | D:10     | Reached XP level 10. HP: 42/80 MP: 11/17
  9755 | D:10     | Reached skill level 5 in Long Blades
  9755 | D:10     | Reached skill level 5 in Axes
  9755 | D:10     | Reached skill level 5 in Maces & Flails
  9755 | D:10     | Reached skill level 5 in Polearms
  9755 | D:10     | Reached skill level 5 in Staves
  9755 | D:10     | Reached skill level 5 in Slings
  9755 | D:10     | Reached skill level 5 in Bows
  9755 | D:10     | Reached skill level 5 in Crossbows
  9755 | D:10     | Reached skill level 5 in Throwing
  9755 | D:10     | Reached skill level 5 in Armour
  9755 | D:10     | Reached skill level 5 in Shields
  9755 | D:10     | Reached skill level 5 in Unarmed Combat
  9755 | D:10     | Reached skill level 5 in Spellcasting
  9755 | D:10     | Reached skill level 5 in Evocations
  9785 | D:10     | You fall into a shaft and drop 3 floors!
 10131 | D:12     | Noticed Psyche
 10268 | D:12     | Noticed a cyclops
 10285 | D:12     | Killed an unseen horror
 10424 | D:12     | Noticed a two-headed ogre
 10473 | D:12     | Noticed a boulder beetle
 10554 | D:12     | Killed a two-headed ogre
 10798 | D:12     | Noticed Psyche
 10798 | D:12     | Psyche changed into Psyche the rime drake
 10799 | D:12     | Noticed a gargoyle
 10802 | D:12     | Killed Psyche the rime drake
 10803 | D:12     | Reached skill level 11 in Stealth
 10807 | D:12     | Killed a gargoyle
 10873 | D:12     | Noticed a purple ugly thing
 10889 | D:12     | Noticed a cyclops
 10930 | D:12     | Killed a purple ugly thing
 10931 | D:12     | Reached XP level 11. HP: 51/87 MP: 19/19
 10967 | D:12     | Killed a cyclops
 10996 | D:12     | Noticed a cyclops
 11015 | D:12     | Killed a cyclops
 11460 | D:12     | Reached skill level 5 in Conjurations
 11460 | D:12     | Reached skill level 5 in Hexes
 11460 | D:12     | Reached skill level 5 in Summonings
 11460 | D:12     | Reached skill level 5 in Necromancy
 11460 | D:12     | Reached skill level 5 in Translocations
 11460 | D:12     | Reached skill level 5 in Transmutations
 11460 | D:12     | Reached skill level 5 in Fire Magic
 11460 | D:12     | Reached skill level 5 in Ice Magic
 11460 | D:12     | Reached skill level 5 in Air Magic
 11460 | D:12     | Reached skill level 5 in Earth Magic
 11460 | D:12     | Reached skill level 5 in Poison Magic
 11719 | D:10     | Killed a two-headed ogre
 11983 | D:10     | Found a portal to a secret trove of treasure.
 12241 | D:7      | Learned a level 4 spell: Summon Ice Beast
 12471 | D:4      | Bought a book of Cantrips for 220 gold pieces
 12471 | D:4      | Bought a book of Minor Magic for 220 gold pieces
 12473 | D:4      | Learned a level 1 spell: Apportation
 12476 | D:4      | Learned a level 2 spell: Blink
 12690 | D:11     | Reached ****** piety under Cheibriados
 12714 | D:11     | Noticed a deep elf mage
 12728 | D:11     | Killed a deep elf mage
 13145 | D:11     | Found a staircase to the Orcish Mines.
 13187 | D:11     | Found a roughly hewn altar of Beogh.
 14086 | Lair:1   | Entered Level 1 of the Lair of Beasts
 14218 | Lair:1   | Noticed a boulder beetle
 14270 | Lair:1   | Killed a boulder beetle
 14572 | Lair:1   | Reached XP level 12. HP: 96/96 MP: 22/22
 15692 | Lair:2   | Noticed a four-headed hydra
 16269 | Lair:2   | Killed a four-headed hydra
 16363 | Lair:3   | Reached skill level 10 in Fighting
 16405 | Lair:3   | Found a sparkling altar of Nemelex Xobeh.
 16785 | Lair:3   | Noticed a dire elephant
 16797 | Lair:3   | Reached skill level 12 in Stealth
 16808 | Lair:3   | Killed a dire elephant
 16809 | Lair:3   | Reached XP level 13. HP: 62/103 MP: 3/24
 17233 | Lair:4   | Found a runed translucent door.
 17233 | Lair:4   | Noticed a dire elephant
 17247 | Lair:4   | Found a staircase to the Shoals.
 17625 | Lair:4   | Found a staircase to the Snake Pit.
 18668 | Lair:5   | You fall into a shaft and drop 1 floor!
 18668 | Lair:6   | Entered Level 6 of the Lair of Beasts
 19512 | Lair:6   | Found the +8 whip "Snakebite" {curare, rPois}
 19672 | Lair:6   | Found a staircase to the Slime Pits.
 19672 | Lair:6   | Found a viscous altar of Jiyva.
 20076 | Lair:6   | Reached XP level 14. HP: 106/111 MP: 16/26
 20250 | Lair:6   | Reached skill level 10 in Short Blades
 20250 | Lair:6   | Reached skill level 10 in Dodging
 20757 | D:12     | Noticed Frances
 20775 | D:12     | Killed Frances
 20886 | D:12     | Found a runed translucent gate.
 20886 | D:12     | Found a runed translucent gate.
 20886 | D:12     | Found a runed translucent gate.
 20893 | D:12     | Noticed a brown very ugly thing
 20895 | D:12     | Noticed a green very ugly thing
 21634 | D:13     | Found a stormy altar of Qazlal.
 22008 | D:13     | Found a gate to the Vaults.
 22008 | D:13     | Noticed an ironheart preserver
 22015 | D:13     | Killed an ironheart preserver
 22016 | D:13     | Reached skill level 10 in Invocations
 22177 | D:14     | Found Vizuza's Assorted Antiques.
 22293 | D:14     | Found a snail-covered altar of Cheibriados.
 22310 | D:14     | Found Cheibriados's Comfort Zone.
 22325 | D:14     | Bought the +3 hat of Pondering {ponderous, Will+ MP+10
                  | Int+5} for 419 gold pieces
 22325 | D:14     | Found the +3 hat of Pondering {ponderous, Will+ MP+10
                  | Int+5}
 22370 | D:14     | Found Riev's Magic Scroll Emporium.
 22474 | D:14     | Found a bloodstained altar of Trog.
 22607 | D:14     | Found Ugahiun's Armour Shoppe.
 22804 | D:14     | Found Jekacs's Antique Armour Shop.
 22911 | D:14     | Found Kaosch's Assorted Antiques.
 23011 | D:15     | Entered Level 15 of the Dungeon
 23051 | D:15     | Found a shadowy altar of Dithmenos.
 23145 | D:15     | Found Zysujon's Weapon Boutique.
 23157 | D:15     | Reached skill level 13 in Stealth
 23920 | D:15     | Learned a level 6 spell: Invisibility
 24020 | D:15     | Found a staircase to the Depths.
 24514 | D:3      | Noticed Crazy Yiuf
 24524 | D:3      | Killed Crazy Yiuf
 24661 | D:4      | Killed Grinder
 24719 | D:4      | Bought a scroll of blinking for 165 gold pieces
 24749 | D:4      | Bought a scroll of fog for 28 gold pieces
 24749 | D:4      | Bought a scroll of teleportation for 42 gold pieces
 24749 | D:4      | Bought a scroll of blinking for 105 gold pieces
 24960 | D:14     | Bought a scroll of teleportation for 39 gold pieces
 24960 | D:14     | Bought a scroll of fog for 26 gold pieces
 24960 | D:14     | Bought a scroll of magic mapping for 45 gold pieces
 24960 | D:14     | Bought a scroll of teleportation for 39 gold pieces
 25194 | D:3      | Killed Terence
 25270 | D:5      | Killed rnawigator's ghost
 25271 | D:5      | Reached XP level 15. HP: 119/119 MP: 28/28
 25366 | D:8      | Identified the +4 spear of Disarray {vorpal, *Slow rF+
                  | Str+4}
 25392 | D:8      | Killed dohliylev's ghost
 26398 | Lair:4   | Noticed Vufrucs's ghost (journeyman DrTm)
 26441 | Lair:4   | Killed Vufrucs's ghost
 26491 | Lair:4   | Noticed Kirke
 26494 | Lair:4   | Noticed a sphinx
 26497 | Lair:4   | Killed Kirke
 26623 | Snake:1  | Entered Level 1 of the Snake Pit
 26683 | Snake:1  | Reached skill level 10 in Long Blades
 26683 | Snake:1  | Reached skill level 10 in Axes
 26683 | Snake:1  | Reached skill level 10 in Maces & Flails
 26683 | Snake:1  | Reached skill level 10 in Polearms
 26683 | Snake:1  | Reached skill level 10 in Staves
 26683 | Snake:1  | Reached skill level 10 in Slings
 26683 | Snake:1  | Reached skill level 10 in Bows
 26683 | Snake:1  | Reached skill level 10 in Crossbows
 26683 | Snake:1  | Reached skill level 10 in Throwing
 26683 | Snake:1  | Reached skill level 10 in Armour
 26683 | Snake:1  | Reached skill level 10 in Shields
 26683 | Snake:1  | Reached skill level 10 in Unarmed Combat
 26683 | Snake:1  | Reached skill level 10 in Spellcasting
 26683 | Snake:1  | Reached skill level 10 in Evocations
 28231 | Shoals:1 | Entered Level 1 of the Shoals
 28623 | Shoals:1 | Noticed Nikola
 28907 | Shoals:1 | Gained mutation: Armour fits poorly on your strangely
                  | shaped body. [mutagenic glow]
 28998 | Shoals:1 | Killed Nikola
 29078 | Shoals:1 | Reached XP level 16. HP: 109/127 MP: 30/30
 29564 | Shoals:2 | Noticed Jorgrun
 29611 | Shoals:2 | Killed Jorgrun
 30172 | Shoals:3 | Noticed Bai Suzhen
 30316 | Shoals:3 | Learned a level 4 spell: Airstrike
 31124 | Snake:2  | Reached skill level 14 in Stealth
 31461 | Snake:2  | Noticed Azrael
 31474 | Snake:2  | Killed Azrael
 31709 | Snake:2  | Noticed a nagaraja
 31878 | Snake:2  | Killed a nagaraja
 32044 | Snake:2  | Reached XP level 17. HP: 102/135 MP: 28/32
 32881 | Snake:3  | Learned a level 4 spell: Passage of Golubria
 32886 | Snake:3  | Learned a level 4 spell: Iskenderun's Mystic Blast
 32891 | Snake:3  | Learned a level 4 spell: Fulminant Prism
 33163 | Snake:3  | Noticed Aizul
 33205 | Snake:3  | Identified the +3 kite shield of Beyond {rF++ Dex-2}
 33568 | Snake:3  | Killed Aizul
 33673 | Snake:4  | Entered Level 4 of the Snake Pit
 34860 | Snake:4  | Reached skill level 10 in Conjurations
 34860 | Snake:4  | Reached skill level 10 in Hexes
 34860 | Snake:4  | Reached skill level 10 in Summonings
 34860 | Snake:4  | Reached skill level 10 in Necromancy
 34860 | Snake:4  | Reached skill level 10 in Translocations
 34860 | Snake:4  | Reached skill level 10 in Transmutations
 34860 | Snake:4  | Reached skill level 10 in Fire Magic
 34860 | Snake:4  | Reached skill level 10 in Ice Magic
 34860 | Snake:4  | Reached skill level 10 in Air Magic
 34860 | Snake:4  | Reached skill level 10 in Earth Magic
 34860 | Snake:4  | Reached skill level 10 in Poison Magic
 36156 | Snake:4  | Reached XP level 18. HP: 42/143 MP: 22/33
 37148 | Snake:4  | Got a serpentine rune of Zot
 37431 | Shoals:4 | Entered Level 4 of the Shoals
 38394 | Shoals:3 | Gained mutation: You are weak. (Str -2) [mutagenic glow]
 39370 | Shoals:4 | Got a barnacled rune of Zot
 40113 | Vaults:1 | Entered Level 1 of the Vaults
 40184 | Vaults:1 | Reached skill level 15 in Stealth
 40812 | Orc:1    | Entered Level 1 of the Orcish Mines
 40832 | Orc:1    | Reached XP level 19. HP: 151/151 MP: 35/35
 41234 | Orc:2    | Entered Level 2 of the Orcish Mines
 41532 | Orc:2    | Found Wiet's Gadget Shop.
 41535 | Orc:2    | Found a staircase to the Elven Halls.
 41540 | Orc:2    | Bought a condenser vane for 560 gold pieces
 41540 | Orc:2    | Bought a wand of acid (8) for 336 gold pieces
 41875 | Orc:2    | Found Nyblia's Armour Boutique.
 41875 | Orc:2    | Found Ojuofiub's Weapon Emporium.
 41877 | Orc:2    | Found Tuabo's Weapon Shoppe.
 41877 | Orc:2    | Found Cofoma's Antique Armour Boutique.
 42260 | Orc:1    | Noticed Harold
 42270 | Orc:1    | Killed Harold
 42767 | Vaults:1 | Identified the cursed +1 hunting sling of the Snake Pit
                  | {vorpal, rF+ rC- Int+3 Stlth+}
 43870 | Vaults:2 | Found Sug Abliac's General Store.
 44862 | Vaults:2 | Reached XP level 20. HP: 160/160 MP: 37/37
 45599 | Vaults:2 | Noticed Donald
 45607 | Vaults:2 | Killed Donald
 46272 | Vaults:3 | Noticed a Brimstone Fiend
 46813 | Vaults:3 | Paralysed by a great orb of eyes for 3 turns
 47233 | Vaults:3 | Found a staircase to the Crypt.
 47280 | Vaults:3 | Reached skill level 16 in Stealth
 47691 | Vaults:4 | Reached XP level 21. HP: 130/167 MP: 38/38
 47798 | Vaults:4 | Noticed Mara
 47828 | Vaults:4 | Killed Mara
 48489 | Vaults:4 | Noticed Sojobo
 48643 | Vaults:4 | Reached skill level 15 in Fighting
 49760 | Vaults:4 | Killed Sojobo
 49761 | Vaults:4 | Reached skill level 15 in Invocations
 51634 | Depths:1 | Entered Level 1 of the Depths
 52104 | Depths:1 | Found a gateway to Hell.
 52241 | Depths:1 | Found a runed translucent door.
 52578 | Depths:1 | Noticed an ancient lich
 52580 | Depths:1 | Noticed an ancient lich
 53001 | Depths:1 | Found a gateway to a ziggurat.
 53183 | Depths:1 | Learned a level 5 spell: Lee's Rapid Deconstruction
 53193 | Depths:1 | Killed an ancient lich
 53197 | Depths:1 | Killed an ancient lich
 53663 | Depths:2 | Found a one-way gate to the infinite horrors of the Abyss.
 53672 | Depths:2 | Reached XP level 22. HP: 168/176 MP: 40/40
 54047 | D:14     | Bought a scroll of enchant weapon for 97 gold pieces
 54358 | Depths:2 | Found a transporter.
 54363 | Depths:2 | Found a corrupted altar of Lugonu.
 54568 | Depths:2 | Reached skill level 15 in Short Blades
 54568 | Depths:2 | Reached skill level 15 in Dodging
 55013 | Depths:3 | Noticed a caustic shrike
 55270 | Depths:3 | Identified the Almanac of Shifting Malediction
 55270 | Depths:3 | Noticed a juggernaut
 55642 | Depths:3 | Killed a caustic shrike
 55726 | Depths:3 | Noticed a golden dragon
 55732 | Depths:3 | Killed a golden dragon
 56220 | Depths:3 | Found a one-way gate leading to the halls of Pandemonium.
 57033 | Depths:4 | Noticed a golden dragon
 57037 | Depths:4 | Killed a golden dragon
 57262 | Depths:4 | Noticed an ancient lich
 57328 | Depths:4 | Found Antozoq's Weapon Shop.
 57732 | Depths:4 | Learned a level 5 spell: Silence
 57763 | Depths:4 | Found Setil's Gadget Boutique.
 57765 | Depths:4 | Found Jeiluese's Jewellery Emporium.
 57768 | Depths:4 | Found Romn's Gadget Boutique.
 57834 | Depths:4 | Reached skill level 17 in Stealth
 58365 | Depths:4 | Identified the +3 scale mail "Goawidoy" {rCorr Stlth+}
 58376 | Depths:4 | Reached XP level 23. HP: 161/180 MP: 41/41
 58944 | Depths:5 | Entered Level 5 of the Depths
 58990 | Depths:5 | Reached skill level 15 in Long Blades
 58990 | Depths:5 | Reached skill level 15 in Axes
 58990 | Depths:5 | Reached skill level 15 in Maces & Flails
 58990 | Depths:5 | Reached skill level 15 in Polearms
 58990 | Depths:5 | Reached skill level 15 in Staves
 58990 | Depths:5 | Reached skill level 15 in Slings
 58990 | Depths:5 | Reached skill level 15 in Bows
 58990 | Depths:5 | Reached skill level 15 in Crossbows
 58990 | Depths:5 | Reached skill level 15 in Throwing
 58990 | Depths:5 | Reached skill level 15 in Armour
 58990 | Depths:5 | Reached skill level 15 in Shields
 58990 | Depths:5 | Reached skill level 15 in Unarmed Combat
 58990 | Depths:5 | Reached skill level 15 in Spellcasting
 58990 | Depths:5 | Reached skill level 15 in Evocations
 59175 | Depths:4 | Bought an uncursed ring of see invisible for 255 gold
                  | pieces
 61033 | Depths:3 | Killed a juggernaut
 61316 | Depths:4 | Identified Kikubaaqudgha's Tome of Evil Magic
 61324 | Depths:4 | Learned a level 5 spell: Irradiate
 62019 | Depths:4 | Killed an ancient lich
 62060 | Depths:4 | Found Setil's Gadget Boutique.
 62061 | Depths:4 | Found Jeiluese's Jewellery Emporium.
 62062 | Depths:4 | Found Romn's Gadget Boutique.
 62810 | Depths:5 | Found a gate to the Realm of Zot.
 62838 | Depths:4 | Voluntarily entered the Abyss.
 62843 | Abyss:1  | Found a corrupted altar of Lugonu.
 63139 | Abyss:2  | Gained mutation: You tend to lose your temper in combat. [a
                  | neqoxec]
 63148 | Abyss:2  | Lost mutation: Armour fits poorly on your strangely shaped
                  | body. [potion of mutation]
 63148 | Abyss:2  | Lost mutation: You are weak. (Str -2) [potion of mutation]
 63148 | Abyss:2  | Gained mutation: You are strong-willed. (Will+) [potion of
                  | mutation]
 63148 | Abyss:2  | Lost mutation: You are strong-willed. (Will+) [potion of
                  | mutation]
 63148 | Abyss:2  | Gained mutation: You are clumsy. (Dex -2) [potion of
                  | mutation]
 63148 | Abyss:2  | Gained mutation: Your movements are slightly less
                  | encumbered by armour. (ER -2) [potion of mutation]
 63149 | Abyss:2  | Lost mutation: You tend to lose your temper in combat.
                  | [potion of mutation]
 63149 | Abyss:2  | Gained mutation: Your mind is acute. (Int +2) [potion of
                  | mutation]
 63149 | Abyss:2  | Gained mutation: You tend to lose your temper in combat.
                  | [potion of mutation]
 63149 | Abyss:2  | Gained mutation: Your system is resistant to poisons.
                  | (rPois) [potion of mutation]
 63150 | Abyss:2  | Lost mutation: Your mind is acute. (Int +2) [potion of
                  | mutation]
 63150 | Abyss:2  | Lost mutation: You tend to lose your temper in combat.
                  | [potion of mutation]
 63150 | Abyss:2  | Gained mutation: You have sharp toenails. [potion of
                  | mutation]
 63150 | Abyss:2  | Gained mutation: You have razor-sharp toenails. [potion of
                  | mutation]
 63439 | Abyss:3  | Gained mutation: You are dopey. (Int -2) [a neqoxec]
 63580 | Abyss:3  | Got an abyssal rune of Zot
 63583 | Depths:4 | Escaped the Abyss
 63625 | Zot:1    | Entered Level 1 of the Realm of Zot
 63670 | Zot:3    | Noticed a golden dragon
 63673 | Zot:3    | Noticed a golden dragon
 63678 | Zot:3    | Killed a golden dragon
 63687 | Zot:3    | Killed a golden dragon
 63693 | Zot:3    | Reached XP level 24. HP: 123/193 MP: 0/42
 63954 | Vaults:2 | Bought a scroll of teleportation for 54 gold pieces
 63954 | Vaults:2 | Bought 3 scrolls of magic mapping for 189 gold pieces
 64506 | Zot:5    | Entered Level 5 of the Realm of Zot
 65223 | Zot:4    | Lost mutation: Your movements are slightly less encumbered
                  | by armour. (ER -2) [mutagenic glow]
 65288 | Zot:5    | Noticed a Killer Klown
 65295 | Zot:5    | Killed a Killer Klown
 66233 | Zot:5    | Noticed a Killer Klown
 66261 | Zot:5    | Killed a Killer Klown
 66418 | Zot:5    | Noticed an orb of fire
 66423 | Zot:5    | Gained mutation: Scrolls take you a little longer to read.
                  | [an orb of fire]
 66429 | Zot:5    | Killed an orb of fire
 66439 | Zot:5    | Lost mutation: Your system is resistant to poisons. (rPois)
                  | [potion of mutation]
 66439 | Zot:5    | Lost mutation: Scrolls take you a little longer to read.
                  | [potion of mutation]
 66439 | Zot:5    | Lost mutation: You have razor-sharp toenails. [potion of
                  | mutation]
 66439 | Zot:5    | Lost mutation: You are dopey. (Int -2) [potion of mutation]
 66439 | Zot:5    | Gained mutation: You have a somewhat thin skeletal
                  | structure. (Dex +2, Stealth) [potion of mutation]
 66439 | Zot:5    | Gained mutation: Your system is resistant to poisons.
                  | (rPois) [potion of mutation]
 66819 | Zot:1    | Learned a level 7 spell: Orb of Destruction
 67573 | Zot:5    | Noticed an orb of fire
 67575 | Zot:5    | Noticed a Killer Klown
 67590 | Zot:4    | Killed an orb of fire
 67591 | Zot:4    | Reached XP level 25. HP: 131/201 MP: 37/43
 67783 | Zot:5    | Reached skill level 18 in Stealth
 67871 | Zot:5    | Noticed an ancient lich
 67875 | Zot:5    | Killed an ancient lich
 67979 | Zot:5    | Killed a Killer Klown
 68258 | Zot:5    | Noticed an orb of fire
 68262 | Zot:5    | Gained mutation: Your magical capacity is low. (-10% MP)
                  | [an orb of fire]
 68266 | Zot:5    | Killed an orb of fire
 68268 | Zot:5    | Noticed an orb of fire
 68272 | Zot:5    | Killed an orb of fire
 68292 | Zot:5    | Noticed an orb of fire
 68603 | Zot:5    | Killed an orb of fire
 69103 | Zot:5    | Noticed a Killer Klown
 69196 | Zot:5    | Killed a Killer Klown
 69580 | Zot:5    | Got the Orb of Zot
 69952 | D:12     | Noticed Vaoj the pandemonium lord
 70311 | D:$      | Escaped with the Orb!

Illustrated notes

Levels and vault maps discovered:
D:1:      minmay_arrival_nine_rooms, layout_rooms
D:2:      layout_basic
D:3:      kennysheep_big_flooded_room, layout_basic, serial_curves,
          eino_curves_01, eino_curves_03, eino_curves_04,
          chequers_ecumenical_altar_simple_redux, chequers_jeans,
          uniq_crazy_yiuf_cottage, uniq_terence
D:4:      layout_loops_corners, serial_shops, shop, nicolae_shop_stone, shop,
          kennysheep_mini_moat, hex_tiny, dk_rats_in_the_wall, uniq_grinder
D:5:      layout_loops_cross, ebering_ghost_reflecting_pool,
          gup_sewer_entry_pipe, nicolae_ru_the_path_less_chosen, uniq_ijyb
D:6:      layout_basic, pdpol_wu_jian_five_deadly_venoms,
          minmay_temple_entry_poolview
D:7:      layout_loops_corners, nicolae_sextant
D:8:      layout_basic, ebering_ghost_funeral_grove, nicolae_ossuary_entry_plus,
          tgw_kikubaaqudgha
D:9:      layout_irregular_city, kennysheep_generic_room_15, uniq_grum
D:10:     layout_gridville, erik_lair_island, enter_trove_6
D:11:     layout_layer_cave, minmay_orc_entry_temple_small,
          nicolae_two_hexagons, hangedman_stone_soup, grunt_ministairs_12,
          minmay_misc_feat_diagonals, worms_lemuel
D:12:     cheibrodos_magma_flow, layout_cave_pods,
          ploomutoo_gammafunk_ghost_potion_laboratory, st_stairs_3, uniq_psyche,
          uniq_frances
D:13:     layout_roguey, skrybe_vaults_entry_preservation,
          grunt_qazlal_sundering
D:14:     layout_roguey, serial_shops, shop, shop, shop,
          nicolae_shop_behind_doors,
          nicolae_shop_temple_entry_statues_fountains, chequers_mini_garden,
          minmay_shop_chei, trog_ov_bears_minmay
D:15:     grunt_enter_depths_hoard, layout_long_grid, serial_shops, shop,
          chequers_arboretum, grunt_dithmenos_shadows
Temple:   kilobyte_greek_temple
Lair:1:   layout_long_grid, minmay_hedge_maze, nzn_sisyphean_effort
Lair:2:   layout_loops_ring, nicolae_quartered_pool_medium, beast_lair_carwin_6,
          lemuel_fruit_tree, serial_bayou_shore_a
Lair:3:   mu_elephants_graveyard, layout_chaotic_city, basic_altar
Lair:4:   layout_regular_city, minmay_shoals_entry_centaurs,
          minmay_snake_entry_guardpost_large, ebering_ghost_inner_flame,
          minivault_23, serial_bayou_pond_a, uniq_kirke
Lair:5:   dpeg_oklob_shooting_range, layout_concentric_octagons
Lair:6:   evil_forest, layout_gridlike, slime_altar_1, minmay_another_anthill
Shoals:1: layout_shoals, uniq_nikola
Shoals:2: layout_shoals, st_shoals_ruin, uniq_polyphemus, uniq_louise,
          uniq_jorgrun
Shoals:3: layout_shoals, uniq_bai_suzhen
Shoals:4: shoals_end_grunt_ice, layout_shoals
Snake:1:  layout_grid_maze, st_stairs_5, grunt_megastairs_3
Snake:2:  cheibrodos_snake_lava_hold, layout_misc_corridors, grunt_megastairs_5,
          serial_bayou_shore_b, uniq_azrael
Snake:3:  layout_onion_interference, grunt_megastairs_1, uniq_aizul
Snake:4:  snake_pit, layout_cave_town
Orc:1:    layout_diamond_mine, uniq_harold
Orc:2:    st_orc_ogre_mass, layout_diamond_mine, serial_shops, shop
Vaults:1: dpeg_vaults_monster_row, vaults_standard_mumra_lines,
          vaults_dpeg_cross, v_misc_12, hangedman_vaults_stretched_pinwheel,
          nicolae_vaults_alarming, v_alt_pattern_4,
          ontoclasm_vaults_decontamination, vaults_dpeg_ring,
          layout_vaults_omnigrid
Vaults:2: v_misc_23, ontoclasm_vaults_spin, v_pattern_2,
          nicolae_vaults_little_squares_5, ontoclasm_vaults_misaligned,
          vaults_mumra_minichess, v_misc_17, vaults_mumra_hexcomb,
          vaults_room_boxed, nicolae_vaults_network_periphery,
          nicolae_vaults_theta, vaults_room_pool, layout_vaults_omnibox,
          mu_enter_wizlab_1, serial_shops, shop, uniq_donald
Vaults:3: minmay_crypt_entry_vampire_xt, v_rooms_6, v_misc_18, v_pattern_4,
          v_misc_8, nicolae_vaults_asterisk, ontoclasm_vaults_fire_temple,
          vaults_mumra_hex, v_misc_26, vaults_mumra_minichess_inversion,
          nicolae_vaults_shelves_hall, layout_vaults_maze
Vaults:4: v_misc_16, grunt_vaults_swirl,
          vaults_standard_mumra_enter_the_diamond, v_misc_30,
          grunt_vaults_twisty, v_misc_30, st_spiral_rooms,
          nicolae_vaults_mini_display_case, layout_vaults_chaotic_city,
          uniq_sojobo, uniq_mara
Depths:1: layout_basic, enter_ziggurat_d, grunt_mini_vestibule,
          kennysheep_treasure_room, grunt_megastairs_2
Depths:2: gammafunk_corrupted_shrine, layout_gridlike, serial_bayou_shore_b,
          abyss_entry, hell_entry, infiniplex_staircase_diamond
Depths:3: minmay_dotted_concentric_squares, layout_small_grid,
          grunt_pan_entry_zigzag, hell_entry,
          amcnicky_mini_rare_corridor_liquid, infiniplex_staircase_squiggle
Depths:4: kennysheep_blocky_hall, layout_gridlike, special_room
          [special_room_morgue], abyss_entry_small_statue_room, serial_shops,
          shop_fountains, hangedman_geh_valley, fountainhead,
          minmay_staircase_windowed_small, minmay_shop_grove
Depths:5: evilmike_zot_entry_basic, layout_long_grid, pf_hell_entry_tar_river
Zot:1:    layout_misc_corridors, uniq_tiamat
Zot:2:    layout_gridlike, hangedman_zot_decor_scrapings
Zot:3:    grunt_zot_stairs_overgrown, layout_onion
Zot:4:    layout_gridville
Zot:5:    layout_onion, hangedman_zot_decor_tridents

Skill      XL: |  1  2  3  4  5  6  7  8  9 10 11 12 13 14 15 16 17 18 19 20 21 22 23 24 25 |
---------------+----------------------------------------------------------------------------+-----
Stealth        | 10 11 12 13 14 15 16 17 18 | 18.4
Long Blades    | 1 2 3 4 5 6 7 8 9 10 11 12 13 14 15 16 | 16.5
Axes           | 1 2 3 4 5 6 7 8 9 10 11 12 13 14 15 16 | 16.5
Maces & Flails | 1 2 3 4 5 6 7 8 9 10 11 12 13 14 15 16 | 16.5
Polearms       | 1 2 3 4 5 6 7 8 9 10 11 12 13 14 15 16 | 16.5
Staves         | 1 2 3 4 5 6 7 8 9 10 11 12 13 14 15 16 | 16.5
Slings         | 1 2 3 4 5 6 7 8 9 10 11 12 13 14 15 16 | 16.5
Bows           | 1 2 3 4 5 6 7 8 9 10 11 12 13 14 15 16 | 16.5
Crossbows      | 1 2 3 4 5 6 7 8 9 10 11 12 13 14 15 16 | 16.5
Throwing       | 1 2 3 4 5 6 7 8 9 10 11 12 13 14 15 16 | 16.5
Armour         | 1 2 3 4 5 6 7 8 9 10 11 12 13 14 15 16 | 16.5
Shields        | 1 2 3 4 5 6 7 8 9 10 11 12 13 14 15 16 | 16.5
Unarmed Combat | 1 2 3 4 5 6 7 8 9 10 11 12 13 14 15 16 | 16.5
Spellcasting   | 1 2 3 4 5 6 7 8 9 10 11 12 13 14 15 16 | 16.5
Invocations    | 1 2 3 4 5 6 7 8 9 10 11 12 13 14 15 16 17 | 17.8
Evocations     | 1 2 3 4 5 6 7 8 9 10 11 12 13 14 15 16 | 16.5
Conjurations   | 1 2 3 4 5 6 7 8 9 10 11 12 13 14 | 14.2
Hexes          | 1 2 3 4 5 6 7 8 9 10 11 12 13 14 | 14.2
Summonings     | 1 2 3 4 5 6 7 8 9 10 11 12 13 14 | 14.2
Necromancy     | 1 2 3 4 5 6 7 8 9 10 11 12 13 14 | 14.2
Translocations | 1 2 3 4 5 6 7 8 9 10 11 12 13 14 | 14.2
Transmutations | 1 2 3 4 5 6 7 8 9 10 11 12 13 14 | 14.2
Fire Magic     | 1 2 3 4 5 6 7 8 9 10 11 12 13 14 | 14.2
Ice Magic      | 1 2 3 4 5 6 7 8 9 10 11 12 13 14 | 14.2
Air Magic      | 1 2 3 4 5 6 7 8 9 10 11 12 13 14 | 14.2
Earth Magic    | 1 2 3 4 5 6 7 8 9 10 11 12 13 14 | 14.2
Poison Magic   | 1 2 3 4 5 6 7 8 9 10 11 12 13 14 | 14.2
Short Blades   | 5 6 7 8 9 10 11 12 13 14 15 16 17 | 17.0
Dodging        | 5 6 7 8 9 10 11 12 13 14 15 16 17 | 17.0
Fighting       | 7 8 9 10 11 12 13 14 15 16 17 | 17.5

Action                   |  1- 3 |  4- 6 |  7- 9 | 10-12 | 13-15 | 16-18 | 19-21 | 22-24 | 25-27 || total
-------------------------+-------+-------+-------+-------+-------+-------+-------+-------+-------++-------
Melee: Short sword       |     4 |   134 |       |       |       |       |       |       |       ||   138
       Unarmed           |     7 |       |       |       |       |     4 |       |       |       ||    11
       Bite              |       |    24 |    38 |    55 |   123 |   170 |   260 |   208 |    20 ||   898
       Punch             |       |     1 |     8 |     7 |       |       |       |       |       ||    16
       Rapier            |       |       |   160 |    16 |    55 |    85 |    92 |    99 |       ||   507
       Scimitar          |       |       |    40 |   200 |   342 |   246 |   377 |       |       ||  1205
       Trident           |       |       |       |    21 |   118 |     8 |     3 |     3 |       ||   153
       Whip              |       |       |       |       |    95 |   284 |   142 |    18 |       ||   539
       Demon blade       |       |       |       |       |       |       |   343 |   125 |       ||   468
       Broad axe         |       |       |       |       |       |       |     5 |   589 |    74 ||   668
       Demon trident     |       |       |       |       |       |       |       |     6 |       ||     6
 Fire: Hunting sling     |       |    74 |   185 |   170 |   452 |   135 |    28 |     9 |       ||  1053
Throw: Stone             |       |    29 |     7 |     7 |     5 |       |       |       |       ||    48
       Dart              |       |    20 |    21 |    48 |    45 |     8 |       |       |       ||   142
       Boomerang         |       |       |     6 |    16 |       |       |       |       |       ||    22
       Javelin           |       |       |       |     8 |       |    24 |    31 |   163 |    12 ||   238
       Throwing net      |       |       |       |       |       |     3 |       |     5 |       ||     8
 Cast: Vampiric Draining |       |       |       |     6 |       |    11 |       |     7 |       ||    24
       Call Canine Famil |       |       |       |    18 |    14 |     6 |     3 |    10 |       ||    51
       Apportation       |       |       |       |    60 |    78 |    53 |     7 |    30 |     5 ||   233
       Call Imp          |       |       |       |    23 |     7 |     5 |     1 |       |       ||    36
       Summon Ice Beast  |       |       |       |    33 |   110 |    88 |    34 |    37 |       ||   302
       Blink             |       |       |       |     2 |     7 |       |     2 |     5 |     1 ||    17
       Invisibility      |       |       |       |       |     7 |    15 |     7 |    10 |       ||    39
       Airstrike         |       |       |       |       |       |   328 |   226 |   197 |       ||   751
       Fulminant Prism   |       |       |       |       |       |    60 |    67 |    12 |     3 ||   142
       Animate Skeleton  |       |       |       |       |       |     2 |     1 |       |       ||     3
       Passage of Golubr |       |       |       |       |       |     3 |       |       |       ||     3
       Lee's Rapid Decon |       |       |       |       |       |       |     8 |    21 |     1 ||    30
       Irradiate         |       |       |       |       |       |       |       |    30 |    25 ||    55
       Silence           |       |       |       |       |       |       |       |     1 |       ||     1
       Orb of Destructio |       |       |       |       |       |       |       |     7 |    54 ||    61
Invok: Bend Time         |       |     2 |     2 |       |       |       |       |       |       ||     4
       Slouch            |       |       |     1 |     2 |     8 |     7 |    10 |    10 |       ||    38
       Temporal Distorti |       |       |       |     2 |       |     1 |       |       |     2 ||     5
Evoke: Wand              |       |       |       |    17 |    36 |    64 |    13 |    23 |       ||   153
       Lightning rod     |       |       |       |     4 |       |     1 |     8 |     1 |       ||    14
       Box of beasts     |       |       |       |     1 |     3 |     4 |     2 |       |       ||    10
       Phantom mirror    |       |       |       |       |       |     2 |     2 |       |       ||     4
       Condenser vane    |       |       |       |       |       |       |     4 |     3 |       ||     7
  Use: Scroll            |     1 |     3 |    10 |    15 |     7 |     8 |     7 |    28 |     1 ||    80
       Potion            |     1 |       |       |     1 |     2 |     3 |       |     9 |     4 ||    20
 Stab: Sleeping          |     1 |     4 |    11 |     7 |    17 |    15 |    20 |     8 |       ||    83
       Distracted        |       |       |       |     4 |    12 |    14 |     5 |    12 |       ||    47
       Invisible         |       |       |       |       |    13 |    34 |    24 |    27 |       ||    98
       Paralysed         |       |       |       |       |       |     4 |       |     2 |       ||     6
       Held in net/web   |       |       |       |       |       |       |       |     4 |       ||     4
       Confused          |       |       |       |       |       |       |       |     1 |       ||     1
Armor: Skin              |     6 |       |       |       |       |       |       |       |       ||     6
       Leather armour    |       |    26 |    32 |    22 |       |       |       |       |       ||    80
       Ring mail         |       |       |       |    22 |    50 |       |       |       |       ||    72
       Acid dragon scale |       |       |       |       |    31 |   136 |    71 |       |       ||   238
       Quicksilver drago |       |       |       |       |       |       |    41 |   144 |    20 ||   205
Dodge: Dodged            |     5 |   118 |   177 |   226 |   512 |   842 |   749 |   762 |    61 ||  3452
Block: Buckler           |       |       |       |    55 |   254 |   176 |       |       |       ||   485
       Kite shield       |       |       |       |       |       |   325 |   702 |   809 |    87 ||  1923
       Rpst.: Scimitar   |       |       |    17 |    48 |    58 |    70 |    62 |       |       ||   255
       Demon blade       |       |       |       |       |       |       |    37 |     8 |       ||    45
